 Dungeon Crawl Stone Soup version 0.21-a0-401-g0b6bec4 (webtiles) character file.

47 Ireaine the Chopper (level 3, -2/31 HPs)
             Began as a Demonspawn Berserker on Oct 24, 2017.
             Was a Believer of Trog.
             Slain by a worm (6 damage)
             ... on level 2 of the Dungeon.
             The game lasted 00:18:16 (1566 turns).

Ireaine the Chopper (Demonspawn Berserker)          Turns: 1566, Time: 00:18:17

Health: -2/31      AC:  7    Str: 20    XL:     3   Next: 48%
Magic:  3/3        EV: 11    Int:  8    God:    Trog [**....]
Gold:   43         SH:  0    Dex: 14    Spells: 2/2 levels left

rFire    + . .     SeeInvis .   a - +0 hand axe
rCold    . . .     Gourm    .   (no shield)
rNeg     . . .     Faith    .   i - +1 ring mail
rPois    .         Spirit   .   (no helmet)
rElec    .         Reflect  .   (no cloak)
rCorr    .         Harm     .   o - +0 pair of gloves
MR       .....                  (no boots)
Stlth    +++.......             (no amulet)
HPRegen  0.10/turn              e - ring of stealth
MPRegen  0.08/turn              k - ring of protection from fire

@: flying
A: agile 1, nightstalker 1, robust 1, strong 1
a: Berserk, Trog's Hand, Burn Spellbooks, Renounce Religion


You were on level 2 of the Dungeon.
You worshipped Trog.
Trog was pleased with you.
You were not hungry.

You visited 1 branch of the dungeon, and saw 2 of its levels.

You collected 43 gold pieces.

Inventory:

Hand Weapons
 a - a +0 hand axe (weapon)
Missiles
 p - 21 stones (quivered)
Armour
 b - a +1 animal skin
 i - a +1 ring mail (worn)
 o - a +0 pair of gloves (worn)
Jewellery
 e - a ring of stealth (left hand)
 k - a ring of protection from fire (right hand)
Potions
 f - 2 potions of berserk rage
 m - 2 potions of curing
 n - a potion of might {unknown}
 q - 2 potions of cancellation
Comestibles
 c - 2 bread rations
 d - a fruit


   Skills:
 + Level 3.4 Fighting
 + Level 3.5 Axes
 + Level 1.8 Armour
 + Level 2.0 Dodging
 + Level 0.7 Stealth


You had 2 spell levels left.
You didn't know any spells.

Dungeon Overview and Level Annotations

Branches:
Dungeon (2/15)

Altars:
Ru


Innate Abilities, Weirdness & Mutations

You are slightly more attuned to the shadows.
You are agile. (Dex +2)
You are robust. (+10% HP)
Your muscles are strong. (Str +2)


Message History

You barely miss the worm.
The worm is severely wounded.
The worm bites you.
* * * LOW HITPOINT WARNING * * *
It was a potion of flight.
You feel very buoyant.
You fly up into the air.
It was a potion of mutation.
You feel extremely strange.
You feel agile.
You feel stronger.
You feel robust. The worm bites you.
* * * LOW HITPOINT WARNING * * *
You hit the worm.
The worm is severely wounded.
The worm closely misses you.
You hit the worm but do no damage.
The worm is severely wounded.
You completely miss the worm.
The worm is severely wounded.
The worm bites you.
You die...

# # # #.# # #.##.# #
#.##.# #######.##.
##.##.#
....)......####...#.####
........#......w........
######### #.@.#.##
#....#)...# #
...#######.# ## ##### ##
..#....# .###...#
#.#.#### #......# #.#.#
.###...# #...##### ##
##.## #......... # #.#
#.#.######


You could see a worm.

Vanquished Creatures
  An adder (D:2)
  A dart slug (D:2)
  2 leopard geckos (D:1)
  2 giant cockroaches (D:1)
  3 goblins (D:1)
  2 hobgoblins (D:1)
  2 jackals (D:1)
  3 kobolds
  3 bats
  A frilled lizard (D:2)
  17 rats
37 creatures vanquished.

Notes
Turn   | Place    | Note
-------+----------+-------------------------------------------
     0 | D:1      | Ireaine the Demonspawn Berserker began the quest for the Orb.
     0 | D:1      | Reached XP level 1. HP: 18/18 MP: 1/1
    57 | D:1      | Gained mutation: You are slightly more attuned to the shadows. [demonic ancestry]
    57 | D:1      | Reached XP level 2. HP: 16/24 MP: 2/2
   452 | D:1      | Reached ** piety under Trog
   691 | D:1      | Reached XP level 3. HP: 24/29 MP: 3/3
  1323 | D:2      | Found a sacrificial altar of Ru.
  1563 | D:2      | Gained mutation: You are agile. (Dex +2) [potion of mutation]
  1563 | D:2      | Gained mutation: Your muscles are strong. (Str +2) [potion of mutation]
  1563 | D:2      | Gained mutation: You are robust. (+10% HP) [potion of mutation]
  1566 | D:2      | Slain by a worm

Vault maps used:
D:1:      erik_arrival_orb_chamber, serial_bayou_pond_b
D:2:      nicolae_ru_path_of_blood, first_bread, makhleb_blood_cavern_becter

Skill      XL: |  1  2 |
---------------+-------+-----
Axes           | 3 |  3.5
Dodging        | 2 |  2.0
Fighting       | |  3.4
Armour         | |  1.8
Stealth        | |  0.7

Action                   || total
-------------------------++-------
Melee: Hand axe          ||   113
  Use: Scroll            ||     6
       Potion            ||     2
 Stab: Sleeping          ||     7
  Eat: Meat ration       ||     1
Armor: Animal skin       ||    10
       Ring mail         ||    29
Dodge: Dodged            ||    69

Table legend:
 A = Spawn XP
 B = Non-spawn XP
 C = Spawn XP percentage of total XP
 D = Spawn monster count
 E = Non-spawn monster count
 F = Spawn count percentage of total count
 G = Total turns spent on level
                    A         B        C        D         E        F      G
               +---------+---------+-------+---------+---------+-------+---------
         Total |       0 |      68 |   0.0 |       0 |      37 |   0.0 |  1566
               +---------+---------+-------+---------+---------+-------+---------
           D:1 |       0 |      45 |   0.0 |       0 |      30 |   0.0 |  1213
           D:2 |       0 |      23 |   0.0 |       0 |       7 |   0.0 |   353
               +---------+---------+-------+---------+---------+-------+---------
